 Dungeon Crawl Stone Soup version 0.30-a0-950-gbf40cfac39 (webtiles) character file.

Game seed: 389720480597120818

246 Taimouu the Cudgeller (level 6, -14/66 HPs)
             Began as an Ogre Berserker on Mar 28, 2023.
             Was a Priest of Trog.
             Demolished by Terence
             ... wielding a +1 short sword of electrocution
              (17 damage)
             ... on level 3 of the Dungeon.
             The game lasted 00:05:39 (2707 turns).

Taimouu the Cudgeller (Ogre Berserker)              Turns: 2707, Time: 00:05:40

Health: -14/66     AC:  5    Str: 21    XL:     6   Next: 11%
Magic:  6/6        EV: 10    Int: 12    God:    Trog [***...]
Gold:   101        SH:  0    Dex:  9    Spells: 5/5 levels left

rFire   . . .      SeeInvis .    a - +1 mace
rCold   . . .      Faith    .    (no shield)
rNeg    . . .      Spirit   .    b - +1 animal skin
rPois   .          Reflect  .    (helmet restricted)
rElec   .          Rampage  .    e - +0 cloak
rCorr   .                        (gloves unavailable)
Will    .....                    (boots unavailable)
Stlth   +                        (no amulet)
HPRegen 0.31/turn                (no ring)
MPRegen 0.10/turn                (no ring)

@: on berserk cooldown, slowed, very slow
A: large, unfitting armour, tough skin 1, claws 1, fangs 1, clever 1, noise
suppression
a: Renounce Religion, Berserk, Trog's Hand


You were on level 3 of the Dungeon.
You worshipped Trog.
Trog was most pleased with you.
You visited 1 branch of the dungeon, and saw 3 of its levels.

You collected 101 gold pieces.

Inventory:

Hand Weapons
 a - a +1 mace (weapon)
Armour
 b - a +1 animal skin (worn)
 e - a +0 cloak (worn)
Jewellery
 j - an amulet of magic regeneration
 k - a ring of ice
Wands
 d - a wand of digging (3)
 g - a wand of mindburst (15)
Scrolls
 h - 3 scrolls of noise {unknown}
 i - a scroll of immolation


   Skills:
 + Level 5.1 Fighting
 + Level 5.5 Maces & Flails
 - Level 2.6 Dodging
 - Level 0.4 Stealth


You had 5 spell levels left.
You didn't know any spells.
Your spell library was empty.

Dungeon Overview and Level Annotations

Branches:
Dungeon (3/15)

Altars:

Annotations:
D:3 1 runed translucent door, Crazy Yiuf, Terence


Innate Abilities, Weirdness & Mutations

You are too large for most types of armour.
You have tough skin. (AC +1)
You have sharp fingernails.
You have very sharp teeth.
Your mind is acute. (Int +4, Str/Dex -1)
You passively dampen the noise of your surroundings.


Message History

* * * LOW HITPOINT WARNING * * *
Items here: ))) ††.
You feel your anger nearly subside.
You are no longer berserk.
You are exhausted.
You feel yourself slow down.
The gnoll hits you from afar with a +0 spear.
* * * LOW HITPOINT WARNING * * *
The gnoll closely misses you.
You see here 18 gold pieces.
You feel better.
Terence hits you with a +1 short sword of electrocution.
* * * LOW HITPOINT WARNING * * *
The gnoll barely misses you.
Terence hits you with a +1 short sword of electrocution.
* * * LOW HITPOINT WARNING * * *
The gnoll closely misses you.
You feel better.
Terence hits you with a +1 short sword of electrocution!
* * * LOW HITPOINT WARNING * * *
The gnoll hits you from afar with a +0 spear.
* * * LOW HITPOINT WARNING * * *
It was a potion of mutation.
You feel extremely strange.
You feel your surroundings grow quieter.
You feel clever.
Your teeth lengthen and sharpen.
Your fingernails lengthen.
Terence hits you but does no damage.
The gnoll hits you from afar with a +0 spear.
* * * LOW HITPOINT WARNING * * *
The gnoll barely misses you. Terence hits you but does no damage.
You are electrocuted!
* * * LOW HITPOINT WARNING * * *
You feel better.
Terence hits you with a +1 short sword of electrocution.
* * * LOW HITPOINT WARNING * * *
The gnoll hits you from afar with a +0 spear.
* * * LOW HITPOINT WARNING * * *
The gnoll closely misses you.
Terence hits you with a +1 short sword of electrocution.
* * * LOW HITPOINT WARNING * * *
You are electrocuted!
You die...

#.# ###.###
.##.#..
.##.#.##########
##
.##.#.##.......#
.#
.##.#.##.#####.#
.# # .##.#.##.#
#.# .#.##
....#.##.#
#.#####....#
.........#
#.#@@ggg.#
.####.####
#.#<###...?# .#
#<# #.#.# >#.##
## #.# #.#.# .#
# #...# #.#
#.#.# .# #.#.#
..# #.#.# .#
###.#.## ###
#.#.###...
......### ####
#.......#
##..##.. ...###
###.###.#
##.......


You could see Terence and 3 gnolls.

Vanquished Creatures
  Jessica (D:3)
  Ijyb (D:3)
  Natasha (twice) (D:2)
  Robin (D:3)
  3 gnolls (D:3)
  2 adders (D:2)
  A dart slug (D:2)
  7 bats
  6 endoplasms
  2 giant cockroaches
  12 goblins
  7 hobgoblins
  12 jackals
  4 kobolds
  4 quokkas
  3 ball pythons
  3 frilled lizards
  6 rats
77 creatures vanquished.

Vanquished Creatures (others)
  A plant (D:2)
1 creature vanquished.

Grand Total: 78 creatures vanquished

Notes
Turn   | Place    | Note
-------+----------+-------------------------------------------
     0 | D:1      | Taimouu the Ogre Berserker began the quest for the Orb.
     0 | D:1      | Reached XP level 1. HP: 24/24 MP: 1/1
   118 | D:1      | Reached XP level 2. HP: 32/32 MP: 2/2
   559 | D:1      | Reached XP level 3. HP: 36/39 MP: 3/3
   584 | D:1      | Reached ** piety under Trog
  1371 | D:2      | Reached XP level 4. HP: 48/48 MP: 4/4
  1478 | D:2      | Noticed Natasha
  1486 | D:2      | Killed Natasha
  1783 | D:2      | Noticed Natasha
  1794 | D:2      | Killed Natasha
  1795 | D:2      | Reached skill level 5 in Maces & Flails
  1795 | D:2      | Reached XP level 5. HP: 34/54 MP: 5/5
  1976 | D:3      | Noticed Jessica
  1985 | D:3      | Killed Jessica
  2112 | D:3      | Noticed Ijyb
  2128 | D:3      | Killed Ijyb
  2256 | D:3      | Found a runed translucent door.
  2257 | D:3      | Noticed Crazy Yiuf
  2283 | D:3      | Noticed Robin
  2298 | D:3      | Reached *** piety under Trog
  2304 | D:3      | Killed Robin
  2686 | D:3      | Noticed Terence
  2691 | D:3      | Reached XP level 6. HP: 59/65 MP: 6/6
  2697 | D:3      | Reached skill level 5 in Fighting
  2705 | D:3      | Gained mutation: You passively dampen the noise of your
                  | surroundings. [potion of mutation]
  2705 | D:3      | Gained mutation: Your mind is acute. (Int +4, Str/Dex -1)
                  | [potion of mutation]
  2705 | D:3      | Gained mutation: You have very sharp teeth. [potion of
                  | mutation]
  2705 | D:3      | Gained mutation: You have sharp fingernails. [potion of
                  | mutation]
  2705 | D:3      | HP: 2/66 [Terence/+1 short sword of electrocution (8)]
  2707 | D:3      | Demolished by Terence

Illustrated notes

Levels and vault maps discovered:
D:1:      kilobyte_arrival_exit_the_forest, layout_loops_ring
D:2:      layout_loops_corners, serial_bayou, serial_bayou_lagoon_a,
          serial_bayou_pond_a, serial_bayou_shore_b, serial_bayou_crossing,
          serial_bayou_pond_a, kennysheep_cross_bottleneck, uniq_natasha
D:3:      layout_loops_ring, st_stairs_5, minmay_misc_feat_ornament,
          uniq_crazy_yiuf_cottage, uniq_jessica, uniq_terence, uniq_robin,
          uniq_ijyb

Skill      XL: |  1  2  3  4  5  6 |
---------------+-------------------+-----
Maces & Flails | 3 4 5 |  5.5
Fighting       | 5 |  5.1
Dodging        | |  2.6
Stealth        | |  0.4

Action                     |  1- 3 |  4- 6 || total
---------------------------+-------+-------++-------
  Melee: Mace              |   107 |   104 ||   211
 Invoke: Berserk           |     1 |     4 ||     5
    Use: Scroll            |     3 |     2 ||     5
         Potion            |       |     4 ||     4
   Stab: Sleeping          |     1 |     1 ||     2
 Armour: Animal skin       |    42 |    44 ||    86
  Dodge: Dodged            |    67 |    59 ||   126

Table legend: (Time is in decaauts)
 A = Elapsed time spent in this place.
 B = Non-inter-level travel time spent in this place.
 C = Inter-level travel time spent in this place.
 D = Time resting spent in this place.
 E = Time spent auto-exploring this place.
 F = Levels seen in this place.
 G = Mean time per level.
                   A        B        C        D        E       F      G
               +--------+--------+--------+--------+--------+-----+--------+
         Total |   2780 |   2721 |     59 |      0 |   2250 |   3 |  926.7 |
       Dungeon |   2780 |   2721 |     59 |      0 |   2250 |   3 |  926.7 |
               +--------+--------+--------+--------+--------+-----+--------+

Top non-repeatable levels by time:
     D:1: 1089 daAuts
     D:2: 852 daAuts
     D:3: 839 daAuts
